 Dungeon Crawl Stone Soup version 0.28.0-1-gb440e238dd (webtiles) character file.

Game seed: 15430662230496461609

117 Snicker the Sneak (level 4, -3/35 HPs)
             Began as a Demonspawn Delver on Feb 20, 2022.
             Slain by an iron imp (5 damage)
             ... summoned by Natasha
             ... on level 2 of the Dungeon.
             The game lasted 00:03:57 (2429 turns).

Snicker the Sneak (Demonspawn Delver)               Turns: 2429, Time: 00:03:57

Health: -3/35      AC:  4    Str: 13    XL:     4   Next: 71%
Magic:  4/4        EV: 12    Int: 11    God:
Gold:   47         SH:  4    Dex: 16    Spells: 3/3 levels left

rFire   . . .      SeeInvis .   a - +0 short sword
rCold   . . .      Faith    .   (no shield)
rNeg    . . .      Spirit   .   o - +2 robe {Archmagi}
rPois   .          Reflect  .   (no helmet)
rElec   .          Harm     .   (no cloak)
rCorr   .          Rampage  .   (no gloves)
Will    .....      Archmagi +   (no boots)
Stlth   +++.......              (no amulet)
HPRegen 0.11/turn               (no ring)
MPRegen 0.09/turn               (no ring)

@: slowed, very slow
A: hooves 1, condensation shield
a: no special abilities


You were on level 2 of the Dungeon.
You visited 1 branch of the dungeon, and saw 5 of its levels.

You collected 47 gold pieces.

Inventory:

Hand Weapons
 a - a +0 short sword (weapon)
Armour
 b - a +0 leather armour
 k - a +0 ring mail
 o - a +2 robe of the Archmagi (worn)
Magical Staves
 j - a staff of death
Wands
 g - a wand of digging (3)
 h - a wand of polymorph (5)
Scrolls
 c - 2 scrolls of fog
 d - a scroll of magic mapping
 l - a scroll of noise {unknown}
 p - a scroll of identify {unknown}
Potions
 e - a potion of might {unknown}
 f - 2 potions of haste
 i - a potion of berserk rage {unknown}
 m - a potion of lignification {unknown}
 n - a potion of flight {unknown}
 q - a potion of ambrosia {unknown}


   Skills:
 + Level 3.3 Fighting
 * Level 2.5 Short Blades
 + Level 1.1 Armour
 + Level 2.1 Dodging
 * Level 5.5 Stealth
 + Level 0.1 Evocations


You had 3 spell levels left.
You didn't know any spells.
Your spell library was empty.

Dungeon Overview and Level Annotations

Branches:
Dungeon (6/15)
 Temple: D:4-7

Altars:
Ru

Shops:
D:2 [

Annotations:
D:2 Natasha


Innate Abilities, Weirdness & Mutations

You have large cloven feet.
A meltable shield of frost defends you. (SH +4)


Message History

You resist with some effort.
You hit Natasha but do no damage.
Natasha is lightly wounded.
Natasha claws you. Natasha claws you but does no damage.
You barely miss Natasha. You kick Natasha.
Natasha is moderately wounded.
Natasha barely misses you.
You hit Natasha but do no damage.
Natasha is moderately wounded.
Natasha misses you. Natasha claws you but does no damage.
You barely miss Natasha. You kick Natasha.
Natasha is heavily wounded.
Natasha mumbles some strange words.
Natasha shimmers violently.
Natasha casts a spell.
You hit Natasha. You kick Natasha, but do no damage.
Natasha is severely wounded.
Natasha extends her claws.
Natasha misses you. You block the iron imp's attack. Natasha barely misses you.
You barely miss Natasha.
Natasha is severely wounded.
Natasha claws you!
The iron imp hits you but does no damage.
You hit Natasha.
Natasha is severely wounded.
Natasha misses you. The iron imp closely misses you.
Natasha casts a spell at you. The magic dart hits you.
You closely miss Natasha.
Natasha is severely wounded.
The iron imp hits you. Natasha closely misses you.
You hit Natasha.
Natasha is severely wounded.
Natasha claws you! The iron imp hits you.
* * * LOW HITPOINT WARNING * * *
Natasha stares at you and mumbles some strange words.
The magic dart hits you.
* * * LOW HITPOINT WARNING * * *
The iron imp hits you.
You die...

########.# #........#
#.####.#.############## #.#
#.#.#............. #.#
#.#.#.############ ######### #.#
#.#.........# ........#
#.####.#.#.###.#.###### ....†...#
#......#.#.# #.........
#######.########@#.#.###.†#.####.
......#^.......5h....#......# ##
#####.#.#######..#.#.#....#.#####
#####.#.....##...#.#.#.#.....##..
...>..#.###.##...#.#.#.#.....##.#
#######.# #........#.#.#.....#
......#.######.###.###.#..#+###
..............................###
......#.######.###.###.#..#.#.#..


You could see an iron imp (summoned) and Natasha.

Vanquished Creatures
  Jessica (D:2)
  Natasha (twice) (D:2)
  An adder (D:2)
  A worm (D:2)
  4 orcs
  3 ball pythons (D:2)
  An endoplasm (D:2)
  3 hobgoblins (D:2)
  3 jackals (D:2)
  3 kobolds (D:2)
  2 quokkas
  A frilled lizard (D:2)
  2 rats (D:2)
27 creatures vanquished.

Notes
Turn   | Place    | Note
-------+----------+-------------------------------------------
     0 | D:5      | Snicker the Demonspawn Delver began the quest for the Orb.
     0 | D:5      | Reached XP level 1. HP: 18/18 MP: 1/1
   376 | D:4      | Noticed an iguana
   406 | D:4      | Noticed an orc priest
   413 | D:3      | Gained mutation: You have large cloven feet. [demonic
                  | ancestry]
   413 | D:3      | Reached XP level 2. HP: 17/24 MP: 2/2
   687 | D:2      | Reached skill level 5 in Stealth
   703 | D:2      | Noticed Natasha
   708 | D:2      | Noticed a crimson imp
   719 | D:2      | Noticed Jessica
   722 | D:2      | Killed Natasha
   723 | D:2      | Reached XP level 3. HP: 7/29 MP: 3/3
  1201 | D:2      | Killed Jessica
  1202 | D:2      | Gained mutation: A meltable shield of frost defends you.
                  | (SH +4) [demonic ancestry]
  1202 | D:2      | Reached XP level 4. HP: 35/35 MP: 4/4
  1263 | D:2      | Noticed Natasha
  1285 | D:2      | Killed Natasha
  1286 | D:2      | Reached skill level 1 in Armour
  2058 | D:2      | Found a sacrificial altar of Ru.
  2104 | D:2      | Found Upte's Armour Shop.
  2235 | D:2      | Found a faded altar of an unknown god.
  2270 | D:2      | Noticed Natasha
  2429 | D:2      | Slain by an iron imp

Illustrated notes

Levels and vault maps discovered:
D:2:      layout_basic, basic_ecumenical_altar, serial_shops, shop_fountains,
          basic_altar, uniq_jessica, uniq_natasha
D:3:      layout_basic, nemelex_dance_club_becter, uniq_grinder
D:4:      layout_basic, gammafunk_ghost_grave, lightli_sewer_entry_pipes
D:5:      layout_basic, mainiacjoe_overflow_boulevard, lemuel_flamethrower_1
D:6:      layout_basic, mainiacjoe_overflow_brackets, xom_butterflies,
          slow_altar_1

Skill      XL: |  1  2  3  4 |
---------------+-------------+-----
Stealth        | 5 |  5.5
Short Blades   | 2 |  2.5
Dodging        | 2 |  2.1
Armour         | 1 |  1.1
Fighting       | |  3.3
Evocations     | |  0.1

Action                   |  1- 3 |  4- 6 || total
-------------------------+-------+-------++-------
Melee: Short sword       |    54 |    61 ||   115
       Punch             |     1 |       ||     1
       Kick              |     7 |    16 ||    23
Evoke: Wand              |     3 |       ||     3
  Use: Scroll            |     1 |       ||     1
 Stab: Sleeping          |     2 |     2 ||     4
Armor: Leather armour    |     5 |       ||     5
       Ring mail         |     7 |       ||     7
       Robe              |       |    12 ||    12
Dodge: Dodged            |    29 |    31 ||    60
Block: Other             |       |     6 ||     6
